 Dungeon Crawl Stone Soup version 0.23-a0-356-g1757c6e (webtiles) character file.

23 Cryolive the Digger (level 3, -3/19 HPs)
             Began as a Gargoyle Earth Elementalist on Oct 21, 2018.
             Slain by a worm (6 damage)
             ... on level 2 of the Dungeon.
             The game lasted 00:03:44 (814 turns).

Cryolive the Digger (Gargoyle Earth Elementalist)    Turns: 814, Time: 00:03:45

Health: -3/19      AC:  5    Str: 11    XL:     3   Next: 0%
Magic:  4/6        EV: 12    Int: 16    God:
Gold:   17         SH:  0    Dex: 10    Spells: 6/7 levels left

rFire    . . .     SeeInvis .   f - +0 club
rCold    . . .     Gourm    .   (no shield)
rNeg     + . .     Faith    .   c - +0 robe
rPois    ∞         Spirit   .   (no helmet)
rElec    +         Reflect  .   (no cloak)
rCorr    .         Harm     .   (no gloves)
MR       .....                  (no boots)
Stlth    ++........             (no amulet)
HPRegen  0.06/turn              (no ring)
MPRegen  0.10/turn              (no ring)

@: no status effects
A: negative energy resistance 1, electricity resistance, unbreathing,
petrification resistance, rot immunity, AC +3
a: no special abilities


You were on level 2 of the Dungeon.
You were not hungry.

You visited 1 branch of the dungeon, and saw 2 of its levels.

You collected 17 gold pieces.

Inventory:

Hand Weapons
 f - a +0 club (weapon)
Missiles
 b - 22 stones (quivered)
Armour
 c - a +0 robe (worn)
Scrolls
 a - a scroll of fear {unknown}
 g - a scroll of magic mapping {unknown}
Potions
 e - a potion of lignification {unknown}
Comestibles
 d - 2 rations


   Skills:
 - Level 1.6 Dodging
 - Level 2.2 Stealth
 - Level 0.1 Unarmed Combat
 + Level 2.5 Spellcasting
   Level 0.7 Transmutations
 + Level 4.3 Earth Magic


You had 6 spell levels left.
You knew the following spells:

 Your Spells              Type           Power        Failure   Level  Hunger
a - Sandblast             Erth           ###...       3%          1    #......

Your spell library contained the following spells:

 Spells                   Type           Power        Failure   Level  Hunger
 Passwall                 Tmut/Erth      ##......     11%         2    ##.....
 Stone Arrow              Conj/Erth      #.....       24%         3    ###....
 Petrify                  Tmut/Erth      ##......     56%         4    #####..
 Lee's Rapid Deconstruct  Erth           ###.......   67%         5    ######.


Dungeon Overview and Level Annotations

Branches:
Dungeon (2/15)

Altars:


Innate Abilities, Weirdness & Mutations

You are resistant to torment.
Your stone body is resilient. (AC +3)
You are immune to poison.
You resist negative energy. (rN+)
You are resistant to electric shocks. (rElec)
You can survive without breathing.
You are immune to petrification.
You are immune to rotting.


Message History

Ye barely miss tha worm.
Ye hit tha worm.
Tha worm be moderately wounded.
Tha worm barely misses ye.
Ye hit tha worm.
Tha worm be moderately wounded.
Tha worm bites ye.
* * * LOW HITPOINT WARNIN'
* * * Castin': Sandblast (safe; 3% risk o' failure) Confirm wit' . or Enter, or press ? or * ta list all spells.
Aimin': Sandblast (safe; 3% risk o' failure)
Press: ? - help, Shift-Dir - straight line, f - worm
Aim: a worm (moderately wounded) Tha blast o' sand hits tha worm.
Tha worm be severely wounded.
b - 22 stones Ye barely miss tha worm.
Tha worm be severely wounded.
Tha worm bites ye.
Ye die...

### #.. #.# #.# #.#
#.# ###### ###†#
#......
.##.#w@.##.......
.........(.........
..########..........#
#..........#
#..........#
########..........#
.................##
########...>......#
#..........#


You could see a worm.

Vanquished Creatures
  A worm (D:2)
  A ball python (D:1)
  3 giant cockroaches (D:1)
  2 goblins (D:1)
  4 hobgoblins (D:1)
  A kobold (D:1)
  4 bats (D:1)
  2 rats (D:1)
18 creatures vanquished.

Notes
Turn   | Place    | Note
-------+----------+-------------------------------------------
     0 | D:1      | Cryolive the Gargoyle Earth Elementalist began the quest
                  | for the Orb.
     0 | D:1      | Reached XP level 1. HP: 10/10 MP: 3/3
   112 | D:1      | Reached XP level 2. HP: 5/15 MP: 5/5
   135 | D:1      | Reached skill level 4 in Earth Magic
   808 | D:2      | Reached XP level 3. HP: 8/19 MP: 4/6
   814 | D:2      | Slain by a worm

Vault maps used:
D:1:      mainiacjoe_arrival_reflecting_pool
D:2:      first_ration, uniq_crazy_yiuf_cottage

Skill      XL: |  1  2 |
---------------+-------+-----
Earth Magic    | 4 |  4.3
Dodging        | |  1.6
Stealth        | |  2.2
Unarmed Combat | |  0.1
Spellcasting   | |  2.5
Transmutations | |  0.7

Action                   || total
-------------------------++-------
Melee: Unarmed           ||    29
       Club              ||    76
 Cast: Sandblast         ||     8
 Stab: Sleeping          ||     2
Armor: Robe              ||    37
Dodge: Dodged            ||    87

Table legend:
 A = Non-vault XP
 B = Vault XP
 C = Vault XP percentage of total XP
 D = Non-vault monster count
 E = Vault monster count
 F = Vault count percentage of total count
                 A         B        C        D         E       F
            +---------+---------+-------+---------+---------+-------
      Total |      34 |       0 |   0.0 |      18 |       0 |   0.0
            +---------+---------+-------+---------+---------+-------
        D:1 |      29 |       0 |   0.0 |      17 |       0 |   0.0
        D:2 |       5 |       0 |   0.0 |       1 |       0 |   0.0
            +---------+---------+-------+---------+---------+-------
